 Dungeon Crawl Stone Soup version 0.29.1-1-gd02db69 (webtiles) character file.

Game seed: 13679205022475386767

27735 Kel the Fighter (level 13, -2/89 HPs)
             Began as a Gargoyle Berserker on Nov 24, 2022.
             Was a High Priest of Trog.
             Slain by a skeletal warrior
             ... wielding a +0 long sword
              (7 damage)
             ... on level 13 of the Dungeon.
             The game lasted 00:31:42 (17737 turns).

Kel the Fighter (Gargoyle Berserker)               Turns: 17737, Time: 00:31:42

Health: -2/89      AC: 32    Str: 39    XL:     13   Next: 34%
Magic:  13/13      EV:  9    Int:  7    God:    Trog [*****.]
Gold:   1247       SH:  0    Dex:  9    Spells: 12/12 levels left

rFire   . . .      SeeInvis .   y - +2 war axe (vorpal)
rCold   . . .      Faith    .   (no shield)
rNeg    + . .      Spirit   .   t - +0 plate armour
rPois   ∞          Reflect  .   n - +0 helmet
rElec   +          Harm     .   M - +0 cloak
rCorr   .          Rampage  .   (no gloves)
Will    .....                   D - +2 pair of boots
Stlth   ..........              (no amulet)
HPRegen 0.24/turn               S - +6 ring of strength
MPRegen 0.13/turn               E - +6 ring of strength

@: on berserk cooldown, slowed, very slow
A: sickness immunity, AC +9, negative energy resistance 1, electricity
resistance, torment resistance 1, petrification resistance
a: Renounce Religion, Berserk, Trog's Hand, Brothers in Arms


You were on level 13 of the Dungeon.
You worshipped Trog.
Trog was extremely pleased with you.
You visited 1 branch of the dungeon, and saw 13 of its levels.

You collected 1247 gold pieces.

Inventory:

Hand Weapons
 v - a +2 war axe of flaming
 y - a +2 vorpal war axe (weapon)
 G - a +5 dire flail
 Q - a +4 antimagic battleaxe
Missiles
 A - 6 throwing nets (quivered)
Armour
 n - a +0 helmet (worn)
 t - a +0 plate armour (worn)
 C - an orb of light
 D - a +2 pair of boots (worn)
 M - a +0 cloak (worn)
 T - a +0 tower shield
Jewellery
 b - a ring of fire
 f - a ring of ice
 E - a +6 ring of strength (right hand)
 S - a +6 ring of strength (left hand)
Wands
 i - a wand of polymorph (12)
 K - a wand of charming (4)
 L - a wand of flame (20)
 N - a wand of roots (8)
Scrolls
 a - 3 scrolls of teleportation
 c - 2 scrolls of magic mapping
 d - 2 scrolls of fog {unknown}
 e - a scroll of poison {unknown}
 g - 3 scrolls of noise {unknown}
 h - 3 scrolls of vulnerability {unknown}
 o - 2 scrolls of summoning {unknown}
 p - a scroll of torment {unknown}
 q - 2 scrolls of immolation {unknown}
 s - a scroll of silence {unknown}
 B - 3 scrolls of enchant armour {unknown}
 F - 2 scrolls of enchant weapon {unknown}
 H - a scroll of blinking {unknown}
 O - a scroll of identify
 R - a scroll of fear {unknown}
Potions
 j - 5 potions of might
 k - 2 potions of mutation
 l - 3 potions of haste
 m - 2 potions of heal wounds {unknown}
 r - 3 potions of magic {unknown}
 u - 2 potions of attraction {unknown}
 w - 4 potions of lignification {unknown}
 x - 5 potions of curing {unknown}
 z - 4 potions of ambrosia {unknown}
 P - a potion of berserk rage {unknown}
Miscellaneous
 I - a box of beasts
 J - a piece from Xom's chessboard (15/15)


   Skills:
 * Level 13.9 Fighting
 + Level 13.1 Axes
 * Level 13.6 Armour
 - Level 1.5 Dodging


You had 12 spell levels left.
You didn't know any spells.
Your spell library was empty.

Dungeon Overview and Level Annotations

Branches:
Dungeon (13/15)            Temple (0/1) D:6            Lair (0/5) D:8
    Orc (0/2) D:9          Vaults (0/5) D:13

Altars:
Cheibriados
Dithmenos
Elyvilon
Qazlal
Xom

Shops:
D:7 *

Annotations:
D:10 Fannar


Innate Abilities, Weirdness & Mutations

You are immune to sickness and miasma.
Your stone body is resilient. (AC +9)
You are immune to poison.
You resist negative energy. (rN+)
You are resistant to electric shocks. (rElec)
You are resistant to unholy torment.
You are immune to petrification.


Message History

The skeletal warrior hits you but does no damage. x2
You completely miss the skeletal warrior.
The skeletal warrior is severely damaged.
You hit the skeletal warrior but do no damage.
You barely miss the skeletal warrior.
The skeletal warrior is severely damaged.
You hit the skeletal warrior but do no damage.
The skeletal warrior hits you but does no damage. x2
You slash the skeletal warrior!
The skeletal warrior is almost destroyed.
You slash the skeletal warrior! You slice the skeletal warrior!!
You destroy the skeletal warrior!
Trog accepts your kill.
You hit the skeletal warrior but do no damage.
The skeletal warrior hits you but does no damage.
You closely miss the skeletal warrior.
The skeletal warrior is heavily damaged.
You hit the skeletal warrior but do no damage.
The skeletal warrior is heavily damaged.
The skeletal warrior hits you but does no damage.
You hit the skeletal warrior.
The skeletal warrior is heavily damaged.
The skeletal warrior closely misses you.
You hit the skeletal warrior but do no damage.
The skeletal warrior is heavily damaged.
You hit the skeletal warrior but do no damage.
The skeletal warrior is heavily damaged.
The skeletal warrior hits you with a +0 long sword.
* * * LOW HITPOINT WARNING * * *
You hit the skeletal warrior.
The skeletal warrior is heavily damaged.
You are no longer berserk.
You are exhausted.
You feel yourself slow down.
You closely miss the skeletal warrior.
The skeletal warrior is heavily damaged.
The skeletal warrior hits you but does no damage.
The skeletal warrior hits you with a +0 long sword!
You die...

.#!$.$ #([...#.###########.#
.#############.............#
.....................[.....#
##.#######################.#
#.# #.#
##.#######################.#
...........................#
................)..........#
...............<@z...[.....#
...........###############.#
...........# #.#
...........# #z#
...........############ #z#
.......)............... ..#
....................... ...#
...........................#
...........................#


You could see a skeletal warrior.

Vanquished Creatures
  3 vault guards
  2 boulder beetles
  A catoblepas (D:13)
  A centaur warrior (D:13)
  2 two-headed ogres
  3 skeletal warriors
  Lodul (D:10)
  A wizard (D:13)
  2 necromancers (D:13)
  Pikel (D:8)
  A manticore (D:13)
  3 ugly things (D:13)
  A cyclops (D:12)
  Joseph (D:8)
  3 gargoyles
  Maggie (D:10)
  2 tengu conjurers (D:13)
  A kobold demonologist (D:11)
  A komodo dragon (D:8)
  Grinder (D:6)
  3 trolls
  Prince Ribbit (D:7)
  Sigmund (D:3)
  2 shadows
  6 wraiths
  18 yaks
  16 humans (D:13)
  3 wyverns
  6 vampire mosquitoes
  3 steam dragons
  Menkaure (D:7)
  An acid dragon (D:11)
  2 water moccasins
  2 black bears
  A sky beast (D:8)
  6 orc warriors
  7 ogres
  4 kobold brigands
  2 phantoms
  3 gnoll sergeants
  4 scorpions
  11 wights
  2 jellies (D:5)
  8 killer bees
  4 howler monkeys
  A lava snake (D:9)
  4 hounds
  5 orc priests
  3 gnoll boudas
  3 iguanas (D:7)
  17 orc wizards
  8 adders
  30 gnolls
  A shadow imp (D:7)
  2 ufetubi
  2 worms
  2 dart slugs (D:1)
  42 orcs
  9 bats
  7 endoplasms
  A giant cockroach (D:3)
  6 goblins
  8 hobgoblins
  13 jackals
  4 quokkas
  7 ball pythons
  2 frilled lizards (D:3)
  15 kobolds
  3 rats
344 creatures vanquished.

Vanquished Creatures (others)
  An orc (D:7)
  A kobold (D:7)
  5 plants (D:8)
  4 toadstools (D:12)
11 creatures vanquished.

Grand Total: 355 creatures vanquished

Notes
Turn   | Place    | Note
-------+----------+-------------------------------------------
     0 | D:1      | Kel the Gargoyle Berserker began the quest for the Orb.
     0 | D:1      | Reached XP level 1. HP: 14/14 MP: 1/1
   372 | D:1      | Reached XP level 2. HP: 19/19 MP: 2/2
   555 | D:1      | Found a faded altar of an unknown god.
   936 | D:2      | Reached XP level 3. HP: 23/23 MP: 3/3
  1467 | D:3      | Reached ** piety under Trog
  1715 | D:3      | Reached XP level 4. HP: 28/28 MP: 4/4
  1825 | D:3      | Noticed Sigmund
  1834 | D:3      | Killed Sigmund
  1835 | D:3      | Reached skill level 5 in Axes
  1835 | D:3      | Reached XP level 5. HP: 32/32 MP: 5/5
  1835 | D:3      | Reached XP level 6. HP: 37/37 MP: 6/6
  2454 | D:4      | Found a snail-covered altar of Cheibriados.
  2490 | D:4      | Found a shadowy altar of Dithmenos.
  2978 | D:4      | Noticed a water moccasin
  2989 | D:4      | Killed a water moccasin
  2990 | D:4      | Reached XP level 7. HP: 41/41 MP: 7/7
  3303 | D:5      | Entered Level 5 of the Dungeon
  3309 | D:5      | Reached *** piety under Trog
  3903 | D:5      | Noticed a two-headed ogre
  4015 | D:5      | Killed a two-headed ogre
  4016 | D:5      | Reached skill level 10 in Axes
  4016 | D:5      | Reached XP level 8. HP: 46/46 MP: 8/8
  4734 | D:5      | Reached XP level 9. HP: 51/51 MP: 9/9
  5087 | D:6      | Noticed Grinder
  5093 | D:6      | Killed Grinder
  5111 | D:6      | Found a white marble altar of Elyvilon.
  5113 | D:6      | Found a shimmering altar of Xom.
  5518 | D:6      | Found a staircase to the Ecumenical Temple.
  6113 | D:6      | Reached skill level 5 in Fighting
  6293 | D:7      | Found Isaoroni's Gadget Gallery.
  6335 | D:7      | Noticed Menkaure
  6561 | D:7      | Killed Menkaure
  6562 | D:7      | Reached skill level 5 in Armour
  6996 | D:7      | Reached **** piety under Trog
  7420 | D:7      | Noticed Pikel
  7420 | D:7      | Noticed Prince Ribbit
  7675 | D:8      | Killed Pikel
  7676 | D:8      | Reached XP level 10. HP: 34/63 MP: 10/10
  7857 | D:7      | Killed Prince Ribbit
  8336 | D:8      | Noticed Joseph
  8348 | D:8      | Killed Joseph
  8490 | D:8      | Found a staircase to the Lair.
  9760 | D:8      | Reached XP level 11. HP: 66/71 MP: 11/11
 10151 | D:9      | Found a stormy altar of Qazlal.
 10351 | D:9      | Identified the +3 chain mail "Mass" {Str+5}
 10432 | D:9      | Reached ***** piety under Trog
 10626 | D:9      | Found a staircase to the Orcish Mines.
 10878 | D:10     | Entered Level 10 of the Dungeon
 10931 | D:10     | Reached skill level 10 in Fighting
 10990 | D:10     | Noticed Maggie
 11000 | D:10     | Killed Maggie
 11114 | D:10     | Identified the +4 spear "Abbud" {vorpal, rElec Int+4 Dex+4}
 11235 | D:10     | Noticed Fannar
 11590 | D:10     | Noticed a two-headed ogre
 11596 | D:10     | Killed a two-headed ogre
 11597 | D:10     | Reached skill level 10 in Armour
 13120 | D:11     | Noticed Lodul
 13366 | D:10     | Killed Lodul
 13410 | D:11     | Reached XP level 12. HP: 80/80 MP: 12/12
 13790 | D:12     | Noticed a boulder beetle
 13817 | D:12     | Killed a boulder beetle
 15008 | D:13     | Noticed a centaur warrior
 15015 | D:13     | Killed a centaur warrior
 15543 | D:13     | Noticed a boulder beetle
 15560 | D:13     | Killed a boulder beetle
 15710 | D:13     | Received a gift from Trog
 16032 | D:13     | Noticed a catoblepas
 16059 | D:13     | Killed a catoblepas
 16362 | D:13     | Reached XP level 13. HP: 50/88 MP: 13/13
 16537 | D:13     | Found a gate to the Vaults.
 16538 | D:13     | Noticed a vault guard
 16538 | D:13     | Noticed a vault guard
 16538 | D:13     | Noticed a vault guard
 16741 | D:12     | Killed a vault guard
 17096 | D:12     | Killed a vault guard
 17301 | D:13     | Killed a vault guard
 17737 | D:13     | Slain by a skeletal warrior

Illustrated notes

Levels and vault maps discovered:
D:1:      saegor_arrival_simple_d, layout_basic,
          shapermc_ecumenical_altar_rom_forum
D:2:      layout_rooms
D:3:      layout_basic, chequers_arboretum, minmay_surrounded, uniq_sigmund
D:4:      layout_cave_pods, mainiacjoe_overflow_boulevard,
          mainiacjoe_overflow_chevrons
D:5:      minmay_chambers_of_fours, layout_gridville
D:6:      layout_basic, chequers_temple_overflow_statue_of_worship,
          minmay_temple_entry_tees, uniq_grinder
D:7:      layout_layer_cave, hangedman_decor_riveting, nicolae_shop_gadgets,
          uniq_pikel, uniq_menkaure, uniq_prince_ribbit1
D:8:      layout_basic, david_lair_shrubbed, uniq_joseph
D:9:      layout_basic, nicolae_qazlal_general_emergency, erik_orc_3,
          kennysheep_generic_room_16
D:10:     layout_stronghold, uniq_maggie, uniq_fannar
D:11:     layout_loops_corners, minmay_crystal_room, minivault_10, uniq_lodul
D:12:     layout_loops_ring, minmay_gold_behind_fungi
D:13:     layout_long_grid, grunt_vaults_entry_tiered

Skill      XL: |  1  2  3  4  5  6  7  8  9 10 11 12 13 |
---------------+----------------------------------------+-----
Axes           | 3 4 5 7 10 11 12 13 | 13.1
Fighting       | 7 9 11 13 | 13.9
Armour         | 6 8 10 12 13 | 13.6
Dodging        | |  1.5

Action                   |  1- 3 |  4- 6 |  7- 9 | 10-12 | 13-15 || total
-------------------------+-------+-------+-------+-------+-------++-------
Melee: War axe           |    29 |       |   186 |   557 |    97 ||   869
       Hand axe          |    50 |   120 |   116 |       |       ||   286
       Punch             |       |       |     9 |     2 |     1 ||    12
Throw: Throwing net      |       |       |       |     1 |       ||     1
Invok: Berserk           |       |     1 |     1 |     3 |     1 ||     6
  Use: Potion            |       |       |       |     3 |     1 ||     4
       Scroll            |       |       |       |     9 |     1 ||    10
Armor: Animal skin       |     3 |       |       |       |       ||     3
       Chain mail        |    41 |    80 |    48 |       |       ||   169
       Plate armour      |       |       |   185 |   301 |    60 ||   546
Dodge: Dodged            |    30 |    58 |   101 |   181 |    25 ||   395
Block: Tower shield      |       |       |       |       |     8 ||     8
